 Dungeon Crawl Stone Soup version 0.25-a0-1078-gea6e5d9 (webtiles) character file.

Game seed: 13734304756909015769, levelgen mode: deterministic

224606 Illumine the Markscentaur (level 18, -1/157 HPs)
             Began as a Centaur Hunter on May 14, 2020.
             Was the Champion of Okawaru.
             Shot with a bolt by a naga sharpshooter (2 damage)
             ... on level 4 of the Snake Pit on May 15, 2020.
             The game lasted 02:16:43 (42330 turns).

Illumine the Markscentaur (Centaur Hunter)         Turns: 42330, Time: 02:16:43

Health: -1/157     AC: 27    Str: 26    XL:     18   Next: 59%
Magic:  8/31       EV: 15    Int: 10    God:    Okawaru [******]
Gold:   2306       SH:  0    Dex: 17    Spells: 24/35 levels left

rFire    + . .     SeeInvis .   a - +9 longbow (flame)
rCold    . . .     Gourm    .   (shield currently unavailable)
rNeg     . . .     Faith    .   G - +0 swamp dragon scales
rPois    +         Spirit   .   D - +0 helmet of Ecisaih {Dex+4 Stlth+}
rElec    +         Reflect  .   p - +2 cloak {rCorr}
rCorr    +         Harm     .   t - +2 pair of gloves
MR       +....                  L - +0 centaur barding
Stlth    +++.......             v - amulet of regeneration
HPRegen  0.76/turn              E - ring of the Past {rElec rF+ Str+4 Dex+2}
MPRegen  0.22/turn              O - +4 ring of slaying

@: lethally poisoned (-1 -> -1), heroism, very quick
A: large, hooves 3, deformed body, speed 2, tough skin 3
}: 1/15 runes: decaying
a: Heroism, Finesse, Renounce Religion


You were on level 4 of the Snake Pit.
You worshipped Okawaru.
Okawaru was exalted by your worship.
You were not hungry.

You visited 6 branches of the dungeon, and saw 32 of its levels.

You collected 3619 gold pieces.
You spent 1313 gold pieces at shops.

Inventory:

Hand Weapons
 a - a +9 longbow of flaming (weapon)
 b - the +6 battleaxe of Uxaugom {drain, rC+}
   (You found it on level 6 of the Lair of Beasts)

   A truly terrible weapon, it drains the life of those it strikes.
   It protects you from cold.
Missiles
 d - 909 arrows (quivered)
Armour
 p - a +2 cloak of preservation (worn)
 t - a +2 pair of gloves (worn)
 D - the +0 helmet of Ecisaih (worn) {Dex+4 Stlth+}
   (You found it on level 13 of the Dungeon)

   It affects your dexterity (+4).
   It makes you more stealthy.
 G - +0 swamp dragon scales (worn)
 L - a +0 centaur barding (worn)
 M - +2 pearl dragon scales
Jewellery
 e - an uncursed ring of ice
 l - an uncursed ring of protection from cold
 o - the ring of Roogriq {*Corrode rF+ rN+ Stlth+}
   (You took it off an orc warrior on level 13 of the Dungeon)

   [ring of stealth]

   It protects you from fire.
   It protects you from negative energy.
   It may corrode you when you take damage.
   It makes you more stealthy.
 u - an uncursed ring of flight
 v - an amulet of regeneration (around neck)
 E - the ring of the Past (left hand) {rElec rF+ Str+4 Dex+2}
   (You found it on level 3 of the Swamp)

   [ring of protection from fire]

   It affects your strength (+4).
   It affects your dexterity (+2).
   It protects you from fire.
   It insulates you from electricity.
 I - an uncursed ring of poison resistance
 J - an uncursed ring of positive energy
 N - an uncursed ring of fire
 O - a +4 ring of slaying (right hand)
 Q - an uncursed ring of resist corrosion
 R - an uncursed ring of see invisible
 S - an uncursed ring of positive energy
 V - a +4 ring of protection
Wands
 w - a wand of flame (29)
Scrolls
 g - 3 scrolls of remove curse
 h - 14 scrolls of teleportation
 j - 4 scrolls of magic mapping
 n - 5 scrolls of fog
 s - a scroll of identify
 y - a scroll of fear
 F - 2 scrolls of enchant weapon
 H - a scroll of immolation
 P - a scroll of enchant armour
 T - a scroll of torment {unknown}
 U - 2 scrolls of holy word
 X - a scroll of vulnerability
 Z - 4 scrolls of summoning
Potions
 c - 6 potions of might
 k - 5 potions of berserk rage
 m - 8 potions of heal wounds
 q - 3 potions of cancellation
 x - 14 potions of curing
 z - 4 potions of haste
 B - 4 potions of invisibility
 C - 3 potions of mutation
 K - 3 potions of flight
 W - a potion of ambrosia
Miscellaneous
 r - a box of beasts
 A - 2 phantom mirrors
 Y - a phial of floods
Comestibles
 f - 51 rations


   Skills:
 + Level 13.3(18.3) Fighting
   Level 0.1(5.1) Short Blades
 + Level 8.3(13.3) Axes
 + Level 17.2(22.2) Bows
 + Level 10.1(15.1) Armour
 - Level 6.5(11.5) Dodging
 - Level 0.4(5.4) Stealth
 - Level 10.0(15.0) Unarmed Combat
 + Level 9.2 Spellcasting
 - Level 5.0 Conjurations
 + Level 6.5 Hexes
 + Level 9.5 Translocations
 - Level 6.0 Fire Magic
 - Level 11.0 Invocations


You had 24 spell levels left.
You knew the following spells:

 Your Spells              Type           Power        Failure   Level  Hunger
a - Blink                 Tloc           N/A          1%          2    #......
b - Conjure Flame         Conj/Fire      ###.....     6%          3    ##.....
c - Portal Projectile     Hex/Tloc       ###...       2%          3    ##.....
d - Inner Flame           Hex/Fire       ###.....     4%          3    ##.....

Your spell library contained the following spells:

 Spells                   Type           Power        Failure   Level  Hunger
 Corona                   Hex            ###....      1%          1    None
 Slow                     Hex            ###.....     1%          2    #......
 Magic Dart               Conj           ##..         2%          1    None
 Shroud of Golubria       Chrm/Tloc      ##....       4%          2    #......
 Ensorcelled Hibernation  Hex/Ice        ##....       8%          2    #......
 Cause Fear               Hex            ###.......   13%         4    ####...
 Spectral Weapon          Hex/Chrm       ##......     16%         3    ##.....
 Beastly Appendage        Tmut           #.....       21%         1    None
 Infusion                 Chrm           #...         21%         1    None
 Sandblast                Erth           #.....       21%         1    None
 Sting                    Tmut/Pois      #...         21%         1    None
 Ignite Poison            Fire/Tmut/Pois #.......     26%         3    ##.....
 Call Imp                 Summ           #.......     30%         2    #......
 Passwall                 Tmut/Erth      #.......     30%         2    #......
 Poisonous Vapours        Pois/Air       #.....       30%         2    #......
 Song of Slaying          Chrm           #.......     30%         2    #......
 Sticks to Snakes         Tmut           #.......     30%         2    #......
 Mephitic Cloud           Conj/Pois/Air  #.......     30%         3    ##.....
 Leda's Liquefaction      Hex/Erth       ##........   45%         4    ####...
 Ozocubu's Armour         Chrm/Ice       #.......     52%         3    ##.....
 Spider Form              Tmut/Pois      #.........   52%         3    ##.....
 Metabolic Englaciation   Hex/Ice        ##........   82%         5    ######.
 Yara's Violent Unravell  Hex/Tmut       ##........   82%         5    ######.
 Ice Form                 Ice/Tmut       #.......     89%         4    ####...
 Olgreb's Toxic Radiance  Pois           #.......     89%         4    ####...
 Lee's Rapid Deconstruct  Erth           #.........   99%         5    ######.
 Freezing Cloud           Conj/Ice/Air   #.........   100%        6    #######
 Ozocubu's Refrigeration  Ice            #.........   100%        6    #######
 Simulacrum               Ice/Necr       #.........   100%        6    #######
 Shatter                  Erth           #.........   100%        9    #######


Dungeon Overview and Level Annotations

Branches:
Dungeon (15/15)            Temple (1/1) D:6            Lair (6/6) D:11
  Swamp (4/4) Lair:3        Snake (4/4) Lair:4        Slime (0/5) Lair:6
    Orc (2/2) D:12            Elf (0/3) Orc:2        Vaults (0/5) D:13
 Depths (0/5) D:15

Altars:
Cheibriados
Dithmenos
Elyvilon
Fedhas
Gozag
Kikubaaqudgha
Makhleb
Nemelex Xobeh
Okawaru
Qazlal
Ru
Sif Muna
Trog
Xom
Zin
Beogh
Jiyva

Shops:
D:4 (*!(%   D:5 !*(   Orc:2 }*!!   Snake:2 =}}   Snake:4 }!*?

Annotations:
Swamp:3 Bai Suzhen
Snake:1 1 runed translucent door, PublicAnimeNo1's ghost, adept KoCK
Orc:1 Erolcha


Innate Abilities, Weirdness & Mutations

You have hooves in place of feet.
Armour fits poorly on your strangely shaped body.
You cover ground very quickly.
You have extremely tough skin. (AC +3)


Message History

The arrow burns the naga sharpshooter.
The naga sharpshooter is almost dead.
The naga sharpshooter mumbles some strange words.
The naga sharpshooter magically shoots a bolt.
The bolt hits you!!
* * * LOW HITPOINT WARNING * * *
The naga sharpshooter shoots a bolt.
The bolt hits you but does no damage.
Firing (i - inventory)
d - 910 arrows (quivered)
Press: ? - help, Shift-Dir - straight line, f/p - naga sharpshooter
Aim: a naga sharpshooter, wielding a +0 arbalest, wearing a +0 robe and quivering 3 bolts (almost dead, catching its breath)
You magically shoot an arrow.
The arrow barely misses the naga sharpshooter.
You are no longer teleporting projectiles to their destination.
The naga sharpshooter spits poison at you.
The splash of poison hits you but does no damage.
You resist.
The naga sharpshooter mumbles some strange words.
The naga sharpshooter magically shoots a bolt.
The bolt hits you.
You die...

#.. ##8.. #.# ##8...
#.####8.... #.#.#8...8.
#)#.#...... #.......∩(.
######## #..##......
.N######N.....######).##8...8.
((((.((.N(().@.........##8....
.......)N......(..).....##8...
...................).#...##8..
...............#####[###..##8.
..#####......### #)# #...### .
######## #(###[..# #
#..[....### #..###..##)
#.##....#..


You could see 3 naga sharpshooters.

Vanquished Creatures
  Saint Roka (Snake:4)
  Jorgrun (D:14)
  A sphinx (D:15)
  Kirke (Swamp:3)
  6 thorn hunters
  2 nagarajas
  2 tengu reavers (D:14)
  A frost giant (D:15)
  Louise (Swamp:2)
  A very ugly thing (D:14)
  A deep elf annihilator (D:15)
  The ghost of Duycut the Eclecticist, a journeyman DECj of Vehumet (D:13)
  Snorg (Lair:6)
  A fire dragon (D:14)
  2 ettins
  The ghost of Notta the Demonic Aeon, a journeyman DsTm of Cheibriados (Lair:3)
  Josephine (D:11)
  Harold (D:8)
  3 yaktaur captains
  2 vault guards (D:13)
  28 hydras
  2 rakshasas
  An ice dragon (D:14)
  9 naga warriors
  A merfolk avatar (Lair:6)
  2 ghost crabs
  2 shambling mangroves
  7 centaur warriors
  9 anacondas
  2 death knights (D:15)
  7 alligators
  8 two-headed ogres
  4 death yaks
  3 ogre magi (D:15)
  2 spriggan berserkers (Swamp:4)
  6 shock serpents
  A deep elf knight (D:15)
  5 naga sharpshooters
  A salamander mystic (Snake:3)
  A fire crab (shapeshifter) (D:15)
  9 slime creatures (Swamp:3)
  6 skeletal warriors (D:15)
  A fire crab (D:15)
  4 unseen horrors
  3 naga ritualists
  2 wizards
  18 swamp dragons
  6 orc knights
  4 spriggan druids
  2 wolf spiders (D:15)
  5 mana vipers
  A wolf spider zombie (D:13)
  16 ugly things
  A harpy (Lair:6)
  4 manticores
  2 oklob plants (Lair:5)
  A moth of wrath (Swamp:4)
  A phantasmal warrior (D:14)
  An orc sorcerer (Orc:1)
  A deep elf mage (D:15)
  9 cyclopes
  10 salamanders
  Maurice (Orc:2)
  A guardian serpent (Snake:2)
  The ghost of trollies1 the Covered, a novice MiFi of Zin (D:7)
  27 black mambas
  10 elephants
  A torpor snail (Swamp:4)
  A gargoyle (D:13)
  7 naga magi
  17 spiny frogs
  8 rime drakes
  2 kobold demonologists
  5 yaktaurs (D:15)
  A freezing wraith (D:14)
  7 komodo dragons
  A tengu conjurer (D:13)
  2 meliai
  15 hornets
  A meliai (shapeshifter) (D:15)
  7 trolls
  2 wind drakes (Lair:6)
  3 polar bears
  15 bog bodies
  11 tyrant leeches
  22 blink frogs
  6 hippogriffs
  A blink frog (shapeshifter) (D:15)
  7 dream sheep (Lair:6)
  Sigmund (D:3)
  A redback (D:14)
  11 spriggans
  2 vampires
  9 wraiths
  5 shadows
  51 yaks
  8 wyverns
  6 hogs
  A basilisk (Lair:1)
  9 humans (D:13)
  2 hungry ghosts
  Grum (D:8)
  13 vampire mosquitoes
  24 insubstantial wisps
  3 wargs
  37 nagas
  2 soldier ants
  11 swamp worms
  15 water moccasins
  2 acid dragons (D:15)
  A floating eye (shapeshifter) (D:15)
  6 porcupines
  5 black bears
  5 sky beasts
  14 swamp drakes
  5 ice beasts
  2 eyes of draining
  37 orc warriors
  A phantom (D:7)
  22 centaurs
  9 ogres
  24 wolves
  11 crocodiles
  3 big kobolds
  17 bullfrogs
  7 scorpions
  A water moccasin skeleton (D:11)
  9 killer bees
  13 wights
  A howler monkey (D:11)
  7 crimson imps
  11 jellies
  A quasit (D:14)
  2 bullfrog zombies
  10 orc priests
  4 centaur zombies
  8 hounds
  7 centaur skeletons
  3 iguanas
  Natasha (twice) (D:2)
  14 orc wizards
  10 worker ants
  2 killer bee zombies
  2 hound zombies
  A hound skeleton (D:11)
  A spectral worker ant (D:7)
  A worker ant zombie (D:11)
  8 adders
  2 howler monkey skeletons
  3 gnolls (D:2)
  A hound simulacrum (D:7)
  4 shadow imps
  An ooze (D:2)
  An adder zombie (D:7)
  2 adder skeletons
  4 worms
  A dart slug (D:2)
  9 leopard geckos
  61 orcs
  A ball python (shapeshifter) (D:15)
  A ball python (D:1)
  8 bats
  A giant cockroach (D:1)
  7 goblins
  4 hobgoblins
  13 jackals
  10 kobolds
  2 quokkas
  A ball python skeleton (D:4)
  5 frilled lizards
  3 quokka zombies
  7 rats
  A fungus (Lair:3)
  2 plants
1077 creatures vanquished.

Vanquished Creatures (others)
  A human (D:13)
  A swamp worm (Swamp:3)
  2 orc warriors (D:13)
  A swamp drake (Swamp:1)
  A crocodile (Lair:3)
  An iguana (Lair:3)
  13 fungi
  32 plants
52 creatures vanquished.

Grand Total: 1129 creatures vanquished

Notes
Turn   | Place    | Note
-------+----------+-------------------------------------------
     0 | D:1      | Illumine the Centaur Hunter began the quest for the Orb.
     0 | D:1      | Reached XP level 1. HP: 17/17 MP: 1/1
   552 | D:1      | Reached XP level 2. HP: 24/24 MP: 2/2
   854 | D:1      | Reached skill level 1 in Unarmed Combat
  1120 | D:1      | Reached XP level 3. HP: 30/30 MP: 3/3
  1600 | D:2      | Found a stormy altar of Qazlal.
  1601 | D:2      | Noticed an air elemental
  1603 | D:2      | Noticed an earth elemental
  1603 | D:2      | Noticed a water elemental
  1603 | D:2      | Noticed a fire elemental
  1673 | D:2      | Reached skill level 6 in Bows
  1675 | D:2      | Reached XP level 4. HP: 26/37 MP: 4/4
  2047 | D:2      | Noticed Natasha
  2050 | D:2      | Killed Natasha
  2113 | D:2      | Noticed Natasha
  2173 | D:2      | Killed Natasha
  2516 | D:3      | Reached XP level 5. HP: 36/45 MP: 5/5
  3040 | D:3      | Found a burning altar of Makhleb.
  3041 | D:3      | Found a snail-covered altar of Cheibriados.
  3102 | D:3      | Noticed Sigmund
  3134 | D:4      | Found Vimoqos's Distillery.
  3258 | D:4      | Found Ryad's Weapon Emporium.
  3310 | D:4      | Found a sacrificial altar of Ru.
  3311 | D:4      | Found Tajuxes's Assorted Antiques.
  3505 | D:4      | Reached XP level 6. HP: 51/51 MP: 6/6
  3693 | D:4      | Found Mudavi's Food Boutique.
  3864 | D:4      | Found Rupetal's Antique Weapon Shop.
  3872 | D:4      | Bought a runed longbow for 247 gold pieces
  4052 | D:5      | Entered Level 5 of the Dungeon
  4191 | D:5      | Found Veudghade's Antique Weapon Emporium.
  4237 | D:5      | Reached skill level 7 in Bows
  4347 | D:5      | Reached XP level 7. HP: 17/59 MP: 7/7
  4753 | D:5      | Found a shimmering altar of Xom.
  4789 | D:5      | Found Vaarghebu's Assorted Antiques.
  4817 | D:5      | Found Woko Tiuq's Distillery.
  4882 | D:5      | Bought a potion of degeneration for 11 gold pieces
  5558 | D:6      | Reached skill level 8 in Bows
  5599 | D:6      | Found a shadowy altar of Dithmenos.
  5650 | D:6      | Found a staircase to the Ecumenical Temple.
  5707 | Temple   | Entered the Ecumenical Temple
  5733 | Temple   | Became a worshipper of Warmaster Okawaru
  6006 | D:7      | Reached XP level 8. HP: 67/67 MP: 8/8
  6011 | D:7      | Reached skill level 5 in Fighting
  6015 | D:7      | Reached skill level 1 in Invocations
  6057 | D:7      | Reached skill level 1 in Armour
  6133 | D:7      | Reached * piety under Okawaru
  6144 | D:7      | Found an opulent altar of Gozag.
  6251 | D:7      | Found a sacrificial altar of Ru.
  6280 | D:7      | Found a runed translucent gate.
  6280 | D:7      | Found a runed translucent gate.
  6280 | D:7      | Found a runed translucent gate.
  6280 | D:7      | Noticed trollies1's ghost (novice MiFi)
  6300 | D:7      | Reached skill level 5 in Unarmed Combat
  6615 | D:8      | Noticed a two-headed ogre
  6631 | D:8      | Killed a two-headed ogre
  6631 | D:8      | Reached ** piety under Okawaru
  6631 | D:8      | Reached skill level 9 in Bows
  6631 | D:8      | Reached XP level 9. HP: 75/75 MP: 11/11
  6803 | D:8      | Noticed Harold
  6836 | D:8      | Killed Harold
  7232 | D:8      | Noticed Grum
  7247 | D:8      | Reached skill level 5 in Dodging
  7253 | D:8      | Killed Grum
  7255 | D:8      | Reached *** piety under Okawaru
  7271 | D:8      | Reached skill level 10 in Bows
  7271 | D:8      | Reached XP level 10. HP: 11/84 MP: 13/13
  7633 | D:8      | Found a glowing silver altar of Zin.
  7767 | D:9      | Noticed a two-headed ogre
  7952 | D:9      | Killed a two-headed ogre
  7952 | D:9      | Received a gift from Okawaru
  7952 | D:9      | Reached skill level 5 in Invocations
  7992 | D:9      | Paralysed by a hornet for 2 turns
  8266 | D:9      | Reached **** piety under Okawaru
  8268 | D:9      | Found a bloodstained altar of Trog.
  8946 | D:10     | Entered Level 10 of the Dungeon
  9265 | D:10     | Reached skill level 1 in Spellcasting
  9597 | D:10     | Found a shadowy altar of Dithmenos.
 10062 | D:11     | Learned a level 2 spell: Blink
 10229 | D:11     | Noticed Josephine
 10233 | D:11     | Killed Josephine
 10233 | D:11     | Reached ***** piety under Okawaru
 10233 | D:11     | Received a gift from Okawaru
 10233 | D:11     | Reached XP level 11. HP: 92/92 MP: 15/15
 10238 | D:11     | Reached skill level 1 in Translocations
 10334 | D:11     | Reached skill level 11 in Bows
 10364 | D:11     | Received a gift from Okawaru
 10392 | D:11     | Noticed a centaur warrior
 10400 | D:11     | Killed a centaur warrior
 10699 | D:11     | Found a staircase to the Lair.
 10832 | D:11     | Noticed a white ugly thing
 10886 | D:11     | Killed a white ugly thing
 11241 | D:11     | Noticed a two-headed ogre
 11279 | D:11     | Killed a two-headed ogre
 11419 | D:11     | Noticed a six-headed hydra
 11434 | D:11     | Killed a six-headed hydra
 11696 | D:11     | Noticed an eight-headed hydra
 11771 | Lair:1   | Entered Level 1 of the Lair of Beasts
 11917 | Lair:1   | Noticed a four-headed hydra
 11967 | Lair:1   | Killed a four-headed hydra
 11967 | Lair:1   | Received a gift from Okawaru
 12080 | Lair:1   | Reached skill level 5 in Armour
 12094 | Lair:1   | Received a gift from Okawaru
 12095 | Lair:1   | Got a smoking scale mail {god gift}
 12106 | Lair:1   | Identified the +0 scale mail "Jeas Zem" {Harm Stlth+}
                  | (Okawaru gifted it to you on level 1 of the Lair of Beasts)
 12139 | Lair:1   | Noticed a seven-headed hydra
 12151 | Lair:1   | Killed a seven-headed hydra
 12151 | Lair:1   | Reached XP level 12. HP: 103/103 MP: 17/17
 12503 | Lair:1   | Got a dazzling mace
 12523 | Lair:1   | Identified the +3 mace "Zorar" {speed, rN+++ Dex+7 Stlth-}
                  | (You found it on level 1 of the Lair of Beasts)
 12556 | Lair:1   | Reached ****** piety under Okawaru
 13720 | Lair:2   | Reached skill level 12 in Bows
 14693 | Lair:3   | Received a gift from Okawaru
 15074 | Lair:3   | Noticed a six-headed hydra
 15082 | Lair:3   | Killed a six-headed hydra
 15082 | Lair:3   | Received a gift from Okawaru
 15211 | Lair:3   | Found a staircase to the Swamp.
 15932 | Lair:3   | Found a large runed translucent door.
 15933 | Lair:3   | Found a large runed translucent door.
 15937 | Lair:3   | Noticed Notta's ghost (journeyman DsTm)
 16222 | Lair:4   | Noticed a four-headed hydra
 16228 | Lair:4   | Killed a four-headed hydra
 16342 | Lair:4   | Found a staircase to the Snake Pit.
 16405 | Lair:4   | Reached XP level 13. HP: 111/111 MP: 19/19
 16593 | Lair:4   | Reached skill level 5 in Translocations
 16818 | Lair:4   | Received a gift from Okawaru
 16819 | Lair:4   | Got a fine shortbow {god gift}
 16919 | Lair:4   | Identified the +1 shortbow of Obbutuubyo {speed, +Blink
                  | rPois Int-2 Stlth+} (Okawaru gifted it to you on level 4 of
                  | the Lair of Beasts)
 17880 | Lair:5   | Learned a level 3 spell: Conjure Flame
 18029 | Lair:5   | Reached skill level 5 in Spellcasting
 18036 | Lair:5   | Received a gift from Okawaru
 18240 | Lair:5   | Reached skill level 13 in Bows
 18341 | Lair:5   | Received a gift from Okawaru
 18341 | Lair:5   | Reached skill level 1 in Conjurations
 18341 | Lair:5   | Reached skill level 1 in Fire Magic
 18709 | Lair:6   | Entered Level 6 of the Lair of Beasts
 18710 | Lair:6   | Noticed Snorg
 19105 | Lair:6   | Killed Snorg
 19289 | Lair:6   | Found a staircase to the Slime Pits.
 19291 | Lair:6   | Found a viscous altar of Jiyva.
 19578 | Lair:6   | Got an encrusted battleaxe
 19662 | Lair:6   | Reached XP level 14. HP: 119/119 MP: 22/22
 19668 | Lair:6   | Reached skill level 10 in Fighting
 20111 | Lair:6   | Received a gift from Okawaru
 20547 | Lair:6   | Upgraded the game from 0.25-a0-1073-gf4359a1 to
                  | 0.25-a0-1078-gea6e5d9
 20725 | D:11     | Reached skill level 10 in Unarmed Combat
 21141 | D:12     | Found a staircase to the Orcish Mines.
 21503 | Orc:1    | Entered Level 1 of the Orcish Mines
 21652 | Orc:2    | Entered Level 2 of the Orcish Mines
 21745 | Orc:1    | Noticed Erolcha
 22157 | Orc:2    | Reached skill level 10 in Invocations
 22209 | Orc:2    | Received a gift from Okawaru
 22209 | Orc:2    | Noticed Maurice
 22214 | Orc:2    | Killed Maurice
 22793 | Orc:2    | Received a gift from Okawaru
 23004 | Orc:2    | Found Xuadgh's General Store.
 23004 | Orc:2    | Found Fophicveu's Distillery.
 23006 | Orc:2    | Found Lekliar's Distillery.
 23008 | Orc:2    | Found Ojoickos's Gadget Shoppe.
 23022 | Orc:2    | Bought a potion of brilliance for 52 gold pieces
 23023 | Orc:2    | Bought 2 scrolls of identify for 44 gold pieces
 23027 | Orc:2    | Identified the +6 battleaxe of Uxaugom {drain, rC+} (You
                  | found it on level 6 of the Lair of Beasts)
 23322 | Orc:2    | Found a staircase to the Elven Halls.
 23695 | D:13     | Received a gift from Okawaru
 23695 | D:13     | Reached skill level 1 in Axes
 23758 | D:13     | Found a gate to the Vaults.
 24370 | D:13     | Reached skill level 14 in Bows
 24738 | D:13     | Found a runed translucent gate.
 24738 | D:13     | Found a runed translucent gate.
 24738 | D:13     | Found a runed translucent gate.
 24739 | D:13     | Identified the ring of Roogriq {*Corrode rF+ rN+ Stlth+}
 24954 | D:13     | Noticed Duycut's ghost (journeyman DECj)
 24954 | D:13     | Identified the +4 chain mail "Gahuunie" {rC+}
 24956 | D:13     | Found a roughly hewn altar of Beogh.
 25354 | D:14     | Reached XP level 15. HP: 128/128 MP: 24/24
 25869 | D:14     | Noticed a tengu reaver
 25869 | D:14     | Noticed a tengu reaver
 25884 | D:14     | Noticed Jorgrun
 25885 | D:14     | Killed a tengu reaver
 25885 | D:14     | Received a gift from Okawaru
 26492 | D:14     | Received a gift from Okawaru
 26696 | D:14     | Killed a tengu reaver
 27058 | D:14     | Killed Jorgrun
 27374 | D:14     | Got an obsidian-encrusted chain mail
 27407 | D:14     | Received a gift from Okawaru
 27677 | D:15     | Entered Level 15 of the Dungeon
 27731 | D:15     | Reached skill level 5 in Conjurations
 27792 | D:15     | Reached skill level 5 in Fire Magic
 27976 | D:15     | Found a glowing silver altar of Zin.
 27976 | D:15     | Found a blossoming altar of Fedhas.
 27977 | D:15     | Found a sparkling altar of Nemelex Xobeh.
 28354 | D:15     | Found a staircase to the Depths.
 28446 | D:15     | Received a gift from Okawaru
 29195 | D:15     | Received a gift from Okawaru
 29358 | D:15     | Reached skill level 15 in Bows
 29438 | D:15     | Reached XP level 16. HP: 113/138 MP: 26/26
 29828 | D:15     | Identified the cursed +0 chain mail of Lucidity {rElec rF-
                  | rC++ Dex+4} (You found it on level 14 of the Dungeon)
 29889 | D:15     | Noticed a sphinx
 29905 | D:15     | Paralysed by a sphinx for 7 turns
 29928 | D:15     | Killed a sphinx
 30247 | D:15     | Reached skill level 5 in Axes
 30260 | D:15     | Received a gift from Okawaru
 30360 | D:15     | Learned a level 3 spell: Portal Projectile
 31107 | D:7      | Killed trollies1's ghost
 31247 | D:3      | Killed Sigmund
 31247 | D:3      | Received a gift from Okawaru
 31247 | D:3      | Reached skill level 1 in Hexes
 32301 | D:10     | Learned a level 3 spell: Inner Flame
 32535 | D:13     | Killed Duycut's ghost
 32535 | D:13     | Received a gift from Okawaru
 32681 | D:13     | Got a scorched helmet
 32682 | D:13     | Identified the +0 helmet of Ecisaih {Dex+4 Stlth+} (You
                  | found it on level 13 of the Dungeon)
 32973 | Lair:3   | Killed Notta's ghost
 33010 | Lair:3   | Identified the Tome of the Mountains and Intoxication
 33080 | Swamp:1  | Entered Level 1 of the Swamp
 33189 | Swamp:1  | Received a gift from Okawaru
 33193 | Swamp:1  | Noticed a thorn hunter
 33200 | Swamp:1  | Killed a thorn hunter
 33387 | Swamp:1  | Identified the Collected Works on Glacial Shape Shifting
 34708 | Swamp:2  | Received a gift from Okawaru
 34925 | Swamp:2  | Found an opulent altar of Gozag.
 35046 | Swamp:2  | Noticed Louise
 35056 | Swamp:2  | Killed Louise
 35569 | Swamp:3  | Noticed Kirke
 35739 | Swamp:3  | Reached XP level 17. HP: 51/146 MP: 26/29
 35741 | Swamp:3  | Reached skill level 16 in Bows
 36083 | Swamp:3  | Got a translucent gossamer ring
 36084 | Swamp:3  | Identified the ring of the Past {rElec rF+ Str+4 Dex+2}
                  | (You found it on level 3 of the Swamp)
 36163 | Swamp:3  | Noticed Bai Suzhen
 36280 | Swamp:3  | Killed Kirke
 36559 | Swamp:4  | Entered Level 4 of the Swamp
 36615 | Swamp:4  | Paralysed by a hornet for 3 turns
 36620 | Swamp:4  | Received a gift from Okawaru
 37452 | Swamp:4  | Received a gift from Okawaru
 37762 | Swamp:4  | Received a gift from Okawaru
 37880 | Swamp:4  | Received a gift from Okawaru
 38054 | Swamp:4  | Reached skill level 5 in Hexes
 38158 | Swamp:4  | Got a decaying rune of Zot
 38160 | Swamp:4  | Identified the +7 hand axe of Zekloninop {venom, rPois rC-
                  | Str+10 Int+4} (You found it on level 4 of the Swamp)
 38310 | Snake:1  | Entered Level 1 of the Snake Pit
 38603 | Snake:1  | Found a runed translucent door.
 38603 | Snake:1  | Noticed PublicAnimeNo1's ghost (adept KoCK)
 39743 | Snake:2  | Reached XP level 18. HP: 156/156 MP: 30/30
 40304 | Snake:2  | Found Yliff's Jewellery Shoppe.
 40304 | Snake:2  | Found Azxurgh's Gadget Shop.
 40305 | Snake:2  | Found Ceyhas's Gadget Shop.
 40391 | Snake:2  | Received a gift from Okawaru
 40718 | Snake:3  | Reached skill level 17 in Bows
 41239 | Snake:3  | Reached skill level 10 in Armour
 41856 | Snake:4  | Entered Level 4 of the Snake Pit
 41862 | Snake:4  | Found Hoph's Magic Scroll Shoppe.
 41868 | Snake:4  | Found Peokk's General Store.
 41868 | Snake:4  | Found Zuogaf's Distillery.
 41879 | Snake:4  | Found Etwun's Gadget Emporium.
 41903 | Snake:4  | Bought a potion of heal wounds for 75 gold pieces
 41913 | Snake:4  | Bought a scroll of acquirement for 884 gold pieces
 41981 | Snake:4  | Noticed Saint Roka
 41996 | Snake:4  | Killed Saint Roka
 42329 | Snake:4  | HP: 1/157 [naga sharpshooter/bolt (25)]
 42330 | Snake:4  | Shot with a bolt by a naga sharpshooter

Illustrated notes

Levels and vault maps discovered:
D:1:      tarquinn_simple_flora_water_b, layout_basic
D:2:      layout_loops_ring, nicolae_qazlal_style_of_elements, uniq_natasha
D:3:      layout_loops_ring, gammafunk_temple_overflow_statue, first_ration,
          uniq_sigmund
D:4:      layout_gridville, serial_shops, shop, shop, shop, shop,
          nicolae_shop_statue_plus, dk_noncrumbling_4,
          nicolae_ru_great_annihilating_truth
D:5:      layout_loops_ring, lemuel_doored_altar, serial_shops,
          nicolae_shop_crystal, shop, nicolae_shop_statue_plus
D:6:      layout_gridville, kennysheep_mini, minmay_temple_entry_mini_moons
D:7:      layout_rooms, nicolae_overflow_crystal_walls, old_standard_altar,
          gammafunk_ghost_necromancy
D:8:      layout_cave_pods, zin_academy, uniq_grum, uniq_harold
D:9:      layout_roguey, trog_ov_bears_minmay
D:10:     layout_irregular_city, blue_anna_alchemist [blue_anna_fruit_fields,
          blue_anna_fruit_fields], grunt_dithmenos_smoke_and_mirrors
D:11:     layout_loops_corners, lair_entry_dummy, evilmike_minifort,
          uniq_josephine
D:12:     layout_roguey, orc_0_dummy
D:13:     layout_long_grid, ximxim_vaults_locker_room,
          biasface_ghost_orc_armoury, hangedman_decor_points
D:14:     minmay_tile_spiral, layout_rooms, minmay_crystal_water, uniq_jorgrun
D:15:     hangedman_slaughterboxes, serial_shops
Temple:   oiseaux_autumnal_temple
Lair:1:   layout_cave_pods
Lair:2:   beast_lair_carwin_large_2, layout_hall_layers,
          grunt_forest_stairs_clearing
Lair:3:   layout_cave_pods, minmay_swamp_entry_reptiles,
          ebering_ghost_disaster_area
Lair:4:   layout_cave_pods, minmay_snake_entry_guardpost_small
Lair:5:   layout_gridlike, st_stairs_6, infiniplex_staircase_pool,
          grunt_megastairs_5, minmay_lair_oklob_chamber, serial_bayou_shore_b
Lair:6:   gammafunk_lair_ancient_temple, layout_concentric_octagons,
          slime_altar_1, chequers_serial_rivers_small_3, uniq_snorg
Swamp:1:  layout_falls_marsh, evilmike_swamp_ruin_house_6,
          nicolae_swamp_spriggan_camp
Swamp:2:  layout_basic_swamp, lemuel_altar_in_water, uniq_louise
Swamp:3:  layout_falls_marsh, evilmike_swamp_ruin_rubble_1, uniq_bai_suzhen,
          uniq_kirke
Swamp:4:  swamp_basic_johnstein, layout_basic_swamp, swamp_pool2, worms_lemuel,
          infiniplex_staircase_pool_2
Snake:1:  nicolae_snake_nest, layout_chambers, gammafunk_ghost_grave, drop_trap
Snake:2:  layout_misc_corridors, minmay_shop_grove
Snake:3:  layout_cave_town
Snake:4:  minmay_snake_end_coiled, layout_misc_corridors, grunt_ministairs_11,
          nrook_guardian_serpent_double, minmay_shoptagon, uniq_saint_roka
Orc:1:    layout_caves, uniq_erolcha
Orc:2:    st_orc_rangers, layout_diamond_mine, uniq_maurice

Skill      XL: |  1  2  3  4  5  6  7  8  9 10 11 12 13 14 15 16 17 18 |
---------------+-------------------------------------------------------+-----
Unarmed Combat | 1 2 3 4 5 6 7 8 9 10 | 10.0
Bows           | 6 7 8 9 10 11 12 13 14 15 16 17 | 17.2
Dodging        | 2 3 4 5 6 |  6.5
Fighting       | 3 4 5 6 7 8 9 10 11 12 13 | 13.3
Invocations    | 3 4 6 7 8 9 10 11 | 11.0
Armour         | 2 3 4 5 6 7 8 9 10 | 10.1
Spellcasting   | 1 3 4 5 6 7 8 9 |  9.2
Translocations | 3 4 6 7 9 |  9.5
Conjurations   | 2 4 5 |  5.0
Fire Magic     | 2 4 5 6 |  6.0
Axes           | 1 4 6 7 8 |  8.3
Hexes          | 3 5 6 |  6.5
Short Blades   | |  0.1
Stealth        | |  0.4

Action                   |  1- 3 |  4- 6 |  7- 9 | 10-12 | 13-15 | 16-18 || total
-------------------------+-------+-------+-------+-------+-------+-------++-------
Melee: Unarmed           |   121 |   135 |   117 |   162 |    49 |       ||   584
       Short sword       |    13 |       |       |       |     5 |       ||    18
       Kick              |    21 |    25 |    17 |    39 |    26 |    79 ||   207
       Punch             |     1 |     5 |     1 |     4 |     1 |       ||    12
       Battleaxe         |       |       |       |       |    52 |   233 ||   285
 Fire: Shortbow          |    11 |    18 |       |       |       |       ||    29
       Longbow           |       |    16 |   106 |   441 |  1162 |  1141 ||  2866
Throw: Dart              |    21 |       |       |     3 |       |     1 ||    25
 Cast: Blink             |       |       |       |     1 |     1 |       ||     2
       Portal Projectile |       |       |       |       |       |    39 ||    39
Invok: Heroism           |       |       |       |       |     3 |     5 ||     8
       Finesse           |       |       |       |       |     1 |       ||     1
  Use: Scroll            |       |       |     4 |    11 |    14 |    11 ||    40
       Potion            |       |       |     1 |     1 |     1 |     1 ||     4
 Stab: Paralysed         |       |     2 |       |       |       |       ||     2
  Eat: Chunk             |     2 |     7 |     7 |    20 |    25 |    22 ||    83
       Ration            |       |       |       |     1 |     3 |     4 ||     8
Armor: Leather armour    |    57 |    45 |    63 |   173 |       |       ||   338
       Skin              |       |     5 |     9 |     7 |       |       ||    21
       Swamp dragon scal |       |       |       |     7 |   206 |   303 ||   516
       Ring mail         |       |       |       |       |    84 |   110 ||   194
       Chain mail        |       |       |       |       |       |    93 ||    93
Dodge: Dodged            |    75 |    63 |    93 |   162 |   238 |   357 ||   988

Table legend:
 A = Non-vault XP
 B = Vault XP
 C = Vault XP percentage of total XP
 D = Non-vault monster count
 E = Vault monster count
 F = Vault count percentage of total count
                 A         B        C        D         E       F
            +---------+---------+-------+---------+---------+-------
      Total |  198891 |  142626 |  41.8 |     749 |     331 |  30.6
            +---------+---------+-------+---------+---------+-------
        D:1 |      41 |       0 |   0.0 |      21 |       0 |   0.0
        D:2 |     111 |      35 |  24.0 |      18 |       1 |   5.3
        D:3 |      95 |     223 |  70.1 |      14 |       1 |   6.7
        D:4 |     127 |      40 |  24.0 |      11 |       4 |  26.7
        D:5 |     634 |       0 |   0.0 |      19 |       0 |   0.0
        D:6 |     305 |       0 |   0.0 |       9 |       0 |   0.0
        D:7 |    1176 |     500 |  29.8 |      21 |       6 |  22.2
        D:8 |    1374 |    1675 |  54.9 |      16 |       6 |  27.3
        D:9 |    1978 |     257 |  11.5 |      20 |       2 |   9.1
       D:10 |    5868 |      95 |   1.6 |      47 |       1 |   2.1
       D:11 |    7019 |    5894 |  45.6 |      52 |      20 |  27.8
       D:12 |    2525 |       0 |   0.0 |      12 |       0 |   0.0
       D:13 |    9453 |    6276 |  39.9 |      38 |      22 |  36.7
       D:14 |    5989 |   18140 |  75.2 |      23 |      17 |  42.5
       D:15 |       0 |   49563 | 100.0 |       0 |      89 | 100.0
     Lair:1 |    6805 |       0 |   0.0 |      26 |       0 |   0.0
     Lair:2 |    1518 |    1701 |  52.8 |       7 |      12 |  63.2
     Lair:3 |    9953 |    1960 |  16.5 |      29 |       5 |  14.7
     Lair:4 |    6280 |     480 |   7.1 |      22 |       3 |  12.0
     Lair:5 |    9498 |    1259 |  11.7 |      41 |       3 |   6.8
     Lair:6 |    7626 |    9948 |  56.6 |      33 |      27 |  45.0
    Swamp:1 |   12157 |    1262 |   9.4 |      25 |       4 |  13.8
    Swamp:2 |   13233 |    2001 |  13.1 |      37 |       3 |   7.5
    Swamp:3 |   18409 |    2930 |  13.7 |      50 |       5 |   9.1
    Swamp:4 |   16030 |   21497 |  57.3 |      24 |      40 |  62.5
    Snake:1 |   15489 |       0 |   0.0 |      31 |       0 |   0.0
    Snake:2 |   15119 |       0 |   0.0 |      28 |       0 |   0.0
    Snake:3 |   22914 |       0 |   0.0 |      45 |       0 |   0.0
    Snake:4 |    4141 |   11057 |  72.8 |       7 |      23 |  76.7
      Orc:1 |    1072 |       0 |   0.0 |       6 |       0 |   0.0
      Orc:2 |    1952 |    5833 |  74.9 |      17 |      37 |  68.5
            +---------+---------+-------+---------+---------+-------
